 Dungeon Crawl Stone Soup version 0.20.0-10-g0535bb4 (webtiles) character file.

2494 greprep the Carver (level 9, 0/78 HPs)
             Began as a Minotaur Fighter on June 7, 2017.
             Slain by a gnoll (4 damage)
             ... summoned by an orange crystal statue
             ... on level 7 of the Dungeon.
             The game lasted 00:15:27 (5797 turns).

greprep the Carver (Minotaur Fighter)               Turns: 5797, Time: 00:15:28

Health: 0/78       AC:  6    Str: 23 (26) XL:     9   Next: 28%
Magic:  0/8        EV: 16    Int: -10 (10)God:
Gold:   343        SH: 11    Dex: 11 (13) Spells: 8/8 levels left

rFire    . . .     SeeInvis .   a - +0 long sword
rCold    . . .     Gourm    .   c - +0 shield
rNeg     . . .     Faith    .   z - +1 leather armour "Jocewu" {Regen+}
rPois    .         Spirit   .   j - +2 hat
rElec    .         Reflect  .   (no cloak)
rCorr    .         Harm     .   (no gloves)
MR       +....                  (no boots)
Stlth    +.........             B - amulet of magic regeneration
Regen    0.7/turn               E - +3 ring of evasion
MPRegen  0.2/turn               u - ring of protection from magic

@: mighty, brilliant, hasted and slowed, lost intelligence
A: retaliatory headbutt, horns 2
a: no special abilities


You were on level 7 of the Dungeon.
You were not hungry.

You visited 1 branch of the dungeon, and saw 7 of its levels.

You collected 343 gold pieces.

Inventory:

Hand Weapons
 a - a +0 long sword (weapon)
 H - a cursed -1 great sword
Armour
 c - a +0 shield (worn)
 h - a +2 leather armour of magic resistance
 j - a +2 hat (worn)
 z - the +1 leather armour "Jocewu" (worn) {Regen+}
   (You found it on level 4 of the Dungeon)

   It increases your rate of regeneration.
Jewellery
 p - an uncursed ring of protection from cold
 u - a ring of protection from magic (right hand)
 w - an uncursed ring of flight
 B - an amulet of magic regeneration (around neck)
 E - a +3 ring of evasion (left hand)
 I - an uncursed ring of see invisible {unknown}
 K - an uncursed ring of wizardry {unknown}
Wands
 y - a wand of acid (11/15)
 A - a wand of confusion (26/48)
 D - a wand of lightning (7/15)
Scrolls
 g - 5 scrolls of identify
 k - a scroll of remove curse
 l - a scroll of enchant weapon {unknown}
 m - 3 scrolls of teleportation
 t - a scroll of enchant armour {unknown}
 x - a scroll of random uselessness {unknown}
 C - 2 scrolls of magic mapping
 G - a scroll of amnesia
 L - a scroll of fog {unknown}
Potions
 e - 3 potions of lignification
 r - a potion of agility
 s - 3 potions of degeneration
Books
 q - a book of Necromancy

   Spells                             Type                      Level
   a - Pain                           Necromancy                   1
   b - Animate Skeleton               Necromancy                   1
   c - Vampiric Draining              Necromancy                   3
   d - Regeneration                   Charms/Necromancy            3
   e - Animate Dead                   Necromancy                   4
   f - Control Undead                 Necromancy                   4
Comestibles
 b - 9 fruits
 f - 6 bread rations
 o - 6 meat rations
 F - a royal jelly


   Skills:
 + Level 6.5 Fighting
 + Level 8.6 Long Blades
 + Level 5.3 Armour
 * Level 6.9 Dodging
 + Level 8.1 Shields


You had 8 spell levels left.
You didn't know any spells.

Dungeon Overview and Level Annotations

Branches:
Dungeon (7/15)
 Temple: D:4-7

Altars:
Fedhas
Gozag
Sif Muna
Xom
Zin
The Shining One

Shops:
D:4 (   D:5 =

Annotations:
D:7 1 runed door, exclusion: 4 orange crystal statues


Innate Abilities, Weirdness & Mutations

You reflexively headbutt those who attack you in melee.
You have a pair of horns on your head.


Message History

You feel very mighty all of a sudden.
You feel less confused.
Reactivating autopickup.
The orange crystal statue fixes its piercing gaze on you.
You feel your power leaking away.
The orange crystal statue glitters.
You easily resist.
You block the bullfrog's attack. The hippogriff bites you.
* * * LOW HITPOINT WARNING * * *
The hippogriff closely misses you. You block the hippogriff's attack.
The gnoll hits you with a flail.
* * * LOW HITPOINT WARNING * * *
The gnoll barely misses you.
You feel clever all of a sudden. The bullfrog hits you.
* * * LOW HITPOINT WARNING * * *
You block the gnoll's attack. The hippogriff bites you.
* * * LOW HITPOINT WARNING * * *
The hippogriff pecks you.
* * * LOW HITPOINT WARNING * * *
The hippogriff misses you. The gnoll hits you.
You die...

####### .........#
........#####
#########......#
#8.....8#......#
#.#.gO#o#......#
#...gZoh#......######
+...o5gFHz...>.......
#..goYg@#g.....####.#
#.#.co#g#......# #.####
#8..g F8#......####.#...
#########.)..)..........
............#.##.###.
..###########.##.# #.
#.##.# #. #.##.####
#.##.....


You could see 4 orange crystal statues, a hippogriff, an orc warrior, a black
bear, an ice beast, an ogre, 2 bullfrogs, a centaur, a gnoll shaman, a wight, 6
gnolls, a shadow imp, 4 orcs and an adder zombie.

Vanquished Creatures
  Pikel (D:7)
  A water moccasin (D:6)
  An ice beast (D:6)
  2 sky beasts (D:6)
  A phantom (D:4)
  2 ogres (D:6)
  3 centaurs
  A bullfrog (D:6)
  A scorpion (D:6)
  5 wights
  4 howler monkeys
  4 crimson imps
  A centaur skeleton (D:3)
  2 hounds
  2 orc priests
  3 orc wizards
  2 bullfrog skeletons
  Natasha (twice) (D:2)
  2 worker ants (D:5)
  4 gnolls (D:6)
  4 adders
  A shadow imp (D:6)
  2 oozes (D:2)
  An adder skeleton (D:5)
  2 worms
  3 dart slugs
  3 leopard geckos
  16 orcs
  9 bats
  3 giant cockroaches
  6 goblins
  9 hobgoblins
  4 jackals (D:7)
  9 kobolds
  5 quokkas
  2 ball pythons
  4 frilled lizards
  A leopard gecko skeleton (D:4)
  2 quokka zombies
  6 rats
136 creatures vanquished.

Vanquished Creatures (others)
  A slave (D:7)
  3 fungi (D:4)
  A plant (D:4)
5 creatures vanquished.

Grand Total: 141 creatures vanquished

Notes
Turn   | Place    | Note
-------+----------+-------------------------------------------
     0 | D:1      | greprep the Minotaur Fighter began the quest for the Orb.
     0 | D:1      | Reached XP level 1. HP: 19/19 MP: 0/0
   235 | D:1      | Reached XP level 2. HP: 27/27 MP: 1/1
   599 | D:1      | Reached skill level 1 in Dodging
  1096 | D:2      | Found a glowing golden altar of the Shining One.
  1096 | D:2      | Found a faded altar of an unknown god.
  1106 | D:2      | Found a faded altar of an unknown god.
  1111 | D:2      | Found a deep blue altar of Sif Muna.
  1113 | D:2      | Found an opulent altar of Gozag.
  1181 | D:2      | Reached XP level 3. HP: 33/33 MP: 2/2
  1230 | D:2      | Noticed Natasha
  1231 | D:2      | Found a faded altar of an unknown god.
  1237 | D:2      | Killed Natasha
  1345 | D:2      | Noticed Natasha
  1355 | D:2      | Killed Natasha
  1355 | D:2      | Reached XP level 4. HP: 19/40 MP: 3/3
  2300 | D:3      | Reached XP level 5. HP: 46/46 MP: 4/4
  2505 | D:4      | Found a blossoming altar of Fedhas.
  2598 | D:4      | Found Toelasch Sydy's Weapon Emporium.
  2616 | D:4      | Noticed a phantom
  2622 | D:4      | Reached skill level 5 in Shields
  2632 | D:4      | Killed a phantom
  2632 | D:4      | Reached XP level 6. HP: 53/53 MP: 5/5
  2649 | D:4      | Found a shimmering altar of Xom.
  2758 | D:4      | Got a bloodstained leather armour
  2770 | D:4      | Identified the +1 leather armour "Jocewu" {Regen+} (You found it on level 4 of the Dungeon)
  2983 | D:4      | You fall through a shaft!
  2983 | D:5      | Entered Level 5 of the Dungeon
  2983 | D:5      | Found Bopy Faapn's Jewellery Shoppe.
  3271 | D:4      | Reached skill level 5 in Long Blades
  3635 | D:5      | Reached XP level 7. HP: 58/60 MP: 6/6
  3982 | D:5      | Found a glowing silver altar of Zin.
  4316 | D:6      | Reached skill level 5 in Fighting
  4553 | D:6      | Reached skill level 5 in Dodging
  4553 | D:6      | Reached XP level 8. HP: 54/68 MP: 7/7
  5028 | D:6      | Reached skill level 5 in Armour
  5396 | D:7      | Noticed Pikel
  5405 | D:7      | Killed Pikel
  5405 | D:7      | Reached XP level 9. HP: 47/75 MP: 8/8
  5698 | D:7      | Found a runed door.
  5734 | D:7      | Noticed an orange crystal statue
  5734 | D:7      | Noticed an orange crystal statue
  5734 | D:7      | Noticed an orange crystal statue
  5734 | D:7      | Noticed an orange crystal statue
  5737 | D:7      | Found a runed door.
  5750 | D:7      | Lost intelligence.
  5797 | D:7      | Slain by a gnoll

Skill      XL: |  1  2  3  4  5  6  7  8  9 |
---------------+----------------------------+-----
Shields        | 4 5 6 7 8 |  8.1
Dodging        | 1 2 3 4 5 6 |  6.9
Armour         | 4 5 |  5.3
Fighting       | 4 5 6 |  6.5
Long Blades    | 3 4 5 6 8 |  8.6

Action                   |  1- 3 |  4- 6 |  7- 9 || total
-------------------------+-------+-------+-------++-------
Melee: Long sword        |    82 |   149 |   252 ||   483
       Headbutt          |    10 |    28 |    45 ||    83
  Use: Scroll            |       |     5 |     1 ||     6
       Potion            |       |       |    11 ||    11
  Eat: Meat ration       |     1 |       |     1 ||     2
       Chunk             |       |     2 |     6 ||     8
       Royal jelly       |       |     1 |       ||     1
Armor: Scale mail        |    15 |       |       ||    15
       Leather armour    |    28 |    45 |    49 ||   122
       Skin              |       |       |   226 ||   226
Dodge: Dodged            |    27 |    56 |   226 ||   309
Block: Shield            |    63 |    79 |   121 ||   263
       Rpst.: Long sword |     7 |    22 |    23 ||    52
